 Dungeon Crawl Stone Soup version 0.30-a0-360-g447f08457e (webtiles) character file.

Game seed: 8543125533288871872

18312 Lobster4 the Grappler (level 12, -3/119 HPs)
             Began as a Troll Monk on Nov 13, 2022.
             Was the Champion of Wu Jian.
             Slain by Erolcha
             ... wielding a +0 giant club
              (19 damage)
             ... on level 1 of the Orcish Mines.
             The game lasted 00:37:32 (10512 turns).

Lobster4 the Grappler (Troll Monk)                 Turns: 10512, Time: 00:37:33

Health: -3/119     AC: 13    Str: 41    XL:     12   Next: 26%
Magic:  11/11      EV: 11    Int:  4    God:    Wu Jian [******]
Gold:   552        SH:  0    Dex: 13    Spells: 11/11 levels left

rFire   + . .      SeeInvis .      - Unarmed
rCold   . . .      Faith    .    (no shield)
rNeg    + . .      Spirit   .    O - +1 swamp dragon scales
rPois   +          Reflect  .    (helmet restricted)
rElec   .          Harm     .    a - +0 cloak "Mivoudin" {Str+9 Dex-3}
rCorr   .          Rampage  .    (gloves unavailable)
Will    ++...                    (boots unavailable)
Stlth   +.........               k - amulet of the acrobat
HPRegen 1.19/turn                K - ring of Temptation {*Corrode rPois rF+ rN+ Will++ Int-2}
MPRegen 0.12/turn                J - ring "Pouredi" {Str+6 Dex+4}

@: no status effects
A: large, unfitting armour, claws 3, regeneration 1, shaggy fur 1, tough skin 1
a: Renounce Religion, Wall Jump, Serpent's Lash, Heavenly Storm


You were on level 1 of the Orcish Mines.
You worshipped Wu Jian.
Wu Jian was exalted by your worship.
You visited 2 branches of the dungeon, and saw 13 of its levels.

You collected 1439 gold pieces.
You spent 887 gold pieces at shops.

Inventory:

Hand Weapons
 r - a +0 mace of protection
 w - a +1 whip of freezing
 y - a +1 sling
 L - a +0 giant spiked club
 M - the +9 mace of a Labyrinth {holy, rN+ Int+4}
   (You found it on level 7 of the Dungeon)

   It has been blessed by the Shining One to cause great damage to the undead
   and demons.
   Int:       It affects your intelligence (+4).
   rN:        It protects you from negative energy.
 V - a +0 shortbow
Missiles
 g - 81 stones (quivered)
 q - 5 large rocks
 v - 13 poisoned darts
 x - 2 throwing nets
 A - 3 datura-tipped darts
 G - 4 boomerangs
 H - a curare-tipped dart
 N - 4 atropa-tipped darts
 W - 3 silver boomerangs
Armour
 a - the +0 cloak "Mivoudin" (worn) {Str+9 Dex-3}
   (You bought it in a shop on level 2 of the Orcish Mines)

   Str:       It affects your strength (+9).
   Dex:       It affects your dexterity (-3).
 n - a +1 robe of the Archmagi
 E - a +1 robe of resistance
 F - a +2 cloak of poison resistance
 O - +1 swamp dragon scales (worn)
 P - a +0 troll leather armour
Jewellery
 k - an amulet of the acrobat (around neck)
 t - a ring of fire
 B - a +6 ring of strength
 J - the ring "Pouredi" (right claw) {Str+6 Dex+4}
   (You found it on level 7 of the Dungeon)

   [ring of strength]

   Str:       It affects your strength (+6).
   Dex:       It affects your dexterity (+4).
 K - the ring of Temptation (left claw) {*Corrode rPois rF+ rN+ Will++ Int-2}
   (You acquired it on level 2 of the Orcish Mines)

   [ring of protection from fire]

   Int:       It affects your intelligence (-2).
   rF:        It protects you from fire.
   rPois:     It protects you from poison.
   rN:        It protects you from negative energy.
   *Corrode:  It may corrode you when you take damage.
   Will:      It greatly increases your willpower.
 R - a +4 ring of evasion
 U - the amulet of Elemental Vulnerability {rPois rF-- rC-- AC+8}
   (You took it off a centaur on level 10 of the Dungeon)

   [amulet of nothing]

   AC:        It affects your AC (+8).
   rF:        It makes you very vulnerable to fire.
   rC:        It makes you very vulnerable to cold.
   rPois:     It protects you from poison.
Wands
 Q - a wand of acid (5)
 S - a wand of flame (4)
Scrolls
 c - a scroll of amnesia
 d - 3 scrolls of vulnerability
 h - a scroll of enchant weapon
 m - a scroll of teleportation
 u - 2 scrolls of silence
 D - a scroll of enchant armour
 I - a scroll of magic mapping
Potions
 b - a potion of ambrosia
 e - 2 potions of might
 f - 3 potions of curing
 i - 2 potions of magic
 j - a potion of berserk rage
 l - 4 potions of resistance
 s - a potion of lignification
 C - 2 potions of flight
Miscellaneous
 z - a box of beasts (inert)


   Skills:
 + Level 8.1 Fighting
 - Level 6.0 Maces & Flails
 - Level 3.0 Throwing
 + Level 5.7 Armour
 - Level 6.0 Dodging
 - Level 1.0 Stealth
 * Level 13.3 Unarmed Combat
 - Level 3.0 Evocations


You had 11 spell levels left.
You didn't know any spells.
Your spell library contained the following spells:

 Spells                   Type           Power      Damage    Failure   Level
 Freeze                   Ice            0%         1d3       58%         1
 Shock                    Conj/Air       0%         1d3       58%         1
 Slow                     Hex            0%         N/A       58%         1
 Blink                    Tloc           0%         N/A       73%         2
 Confusing Touch          Hex            0%         N/A       91%         3
 Frozen Ramparts          Ice            0%         1d1       91%         3
 Gell's Gravitas          Tloc           0%         N/A       91%         3
 Hailstorm                Conj/Ice       0%         3d3       91%         3
 Inner Flame              Hex/Fire       0%         N/A       91%         3
 Lesser Beckoning         Tloc           0%         N/A       91%         3
 Teleport Other           Tloc           0%         N/A       91%         3
 Vampiric Draining        Necr           0%         2d6       91%         3
 Vhi's Electric Charge    Tloc/Air       0%         N/A       91%         3
 Flame Wave               Conj/Fire      0%         2d4       100%        4
 Manifold Assault         Tloc           0%         N/A       100%        4
 Sticky Flame             Conj/Fire      0%         2d3       100%        4
 Arcjolt                  Conj/Air       0%         1d10      100%        5
 Dispersal                Tloc           0%         N/A       100%        6
 Storm Form               Tmut/Air       0%         N/A       100%        7
 Maxwell's Capacitive Co  Air            0%         ∞         100%        8


Dungeon Overview and Level Annotations

Branches:
Dungeon (11/15)            Temple (0/1) D:6            Lair (0/5) D:11
    Orc (2/2) D:11            Elf (0/3) Orc:2

Altars:
Ashenzari
Dithmenos
Kikubaaqudgha
Makhleb
Okawaru
Sif Muna
Vehumet
Wu Jian
Xom
Zin

Shops:
D:1 [   D:6 *   D:7 [   Orc:2 [*[(

Annotations:
D:11 Lodul
Orc:1 Erolcha


Innate Abilities, Weirdness & Mutations

You are too large for most types of armour.
You have claws for hands.
Your natural rate of healing is unusually fast.
You are covered in fur. (AC +1)
You have tough skin. (AC +1)


Message History

Your larval stingfire beast closely misses Erica.
Your larval stingfire beast stings Erica.
Erica is poisoned.
Your larval stingfire beast poisons Erica!
You scratch Erica.
Erica is severely wounded.
You hear a zap.
The roots erupt in riotous growth!
Erica is unaffected.
The grasping roots grab you! Roots grab your larval stingfire beast.
Your larval stingfire beast is constricted.
You are constricted.
Erica hits you but does no damage.
You closely miss Erica. You claw Erica.
Erica is almost dead.
Your larval stingfire beast misses Erica.
Your larval stingfire beast closely misses Erica.
Erica points at you and mumbles some strange words.
The bolt of poison hits you! You resist.
Your larval stingfire beast is constricted.
You are constricted.
You barely miss Erica. You claw Erica!
You kill Erica!
The Council accepts your kill.
A troll comes into view.
Your larval stingfire beast is constricted.
Your larval stingfire beast dies!
Your larval stingfire beast's corpse disappears in a puff of smoke!
You are constricted.
The roots grasp on you weakens, but your attempt to escape fails.
Something hits you!!
You are constricted.
You escape the roots grasp.
You climb downwards.
Welcome back to the Orcish Mines!
Reactivating autopickup.
There is a staircase back to the Dungeon here.
You start resting.
Something hits you!
Deactivating autopickup; reactivate with Ctrl-A.
You start resting.
Something hits you!!!
* * * LOW HITPOINT WARNING * * *
You mangle something!! You closely miss something. Something hits you!!
You die...

##.## #...### ##..##.##
#...#...## #...##.^.##
###........##
##.#.........####
#........##..{#.##
###.#........@....#
##.##.......#......###
#..........##......#.## ###
##.....#.....#..#...).###.##
##.................[###...#
#........>........##....##
##........................#
#....#.....#...........#.##
##........#.............##


There were no monsters in sight!

Vanquished Creatures
  Josephine (Orc:1)
  A hydra (D:11)
  Erica (D:11)
  A two-headed ogre (D:10)
  An orc high priest (Orc:2)
  5 orc sorcerers (Orc:2)
  An ugly thing (D:9)
  A manticore (D:9)
  3 orc knights (Orc:2)
  Maurice (D:11)
  Maggie (D:8)
  An efreet (D:9)
  2 trolls (D:11)
  2 hornets
  A slime creature (D:9)
  5 yaks (D:10)
  7 wraiths
  A vampire (D:10)
  3 vampire mosquitoes (D:7)
  Menkaure (D:7)
  A steam dragon (D:8)
  2 wargs
  4 black bears
  2 sky beasts
  20 orc warriors
  2 ice beasts
  8 ogres
  3 centaurs
  2 kobold brigands
  2 scorpions
  4 wights (D:6)
  11 killer bees
  3 jellies (D:6)
  An electric eel (D:6)
  5 howler monkeys
  3 gnoll boudas
  19 orc priests
  2 hounds (D:6)
  35 orc wizards
  An iguana (D:4)
  Robin (D:3)
  16 gnolls
  10 adders
  A shadow imp (D:5)
  2 white imps (D:6)
  2 ufetubi
  A worm (D:2)
  4 dart slugs
  38 orcs
  7 ball pythons
  6 endoplasms
  6 giant cockroaches
  17 goblins
  14 hobgoblins
  5 jackals
  19 kobolds
  4 quokkas
  4 bats
  9 frilled lizards
  10 rats
346 creatures vanquished.

Vanquished Creatures (others)
  An orc wizard (D:5)
  79 plants
80 creatures vanquished.

Grand Total: 426 creatures vanquished

Notes
Turn   | Place    | Note
-------+----------+-------------------------------------------
     0 | D:1      | Lobster4 the Troll Monk began the quest for the Orb.
     0 | D:1      | Reached XP level 1. HP: 22/22 MP: 0/0
   129 | D:1      | Reached XP level 2. HP: 29/29 MP: 1/1
   147 | D:1      | Found Utolargh's Armour Emporium.
   473 | D:1      | Reached XP level 3. HP: 36/36 MP: 2/2
   777 | D:1      | Found a glowing silver altar of Zin.
   800 | D:2      | Reached skill level 1 in Armour
   904 | D:2      | Found an ornate altar of the Wu Jian Council.
   912 | D:2      | Became a worshipper of the Wu Jian Council
   912 | D:2      | Reached * piety under Wu Jian
   912 | D:2      | Reached ** piety under Wu Jian
   997 | D:2      | Reached XP level 4. HP: 40/44 MP: 3/3
  1029 | D:2      | Reached skill level 4 in Unarmed Combat
  1155 | D:2      | Found a faded altar of an unknown god.
  1502 | D:3      | Reached XP level 5. HP: 48/53 MP: 4/4
  1604 | D:3      | Noticed Robin
  1612 | D:3      | Killed Robin
  1634 | D:3      | Reached *** piety under Wu Jian
  2133 | D:4      | Reached XP level 6. HP: 61/61 MP: 5/5
  2248 | D:4      | Reached skill level 1 in Throwing
  2248 | D:4      | Reached skill level 5 in Unarmed Combat
  2408 | D:4      | Reached skill level 1 in Maces & Flails
  2856 | D:5      | Entered Level 5 of the Dungeon
  2928 | D:5      | Reached XP level 7. HP: 52/67 MP: 6/6
  3086 | D:5      | Found a shimmering blue altar of Sif Muna.
  3102 | D:5      | Found an ancient bone altar of Kikubaaqudgha.
  3121 | D:5      | Found a radiant altar of Vehumet.
  3153 | D:5      | Got Vehumet's Quarto of Blows and Bruises
  3265 | D:5      | Found an ornate altar of the Wu Jian Council.
  3379 | D:5      | Reached skill level 6 in Unarmed Combat
  3401 | D:5      | Found a broken altar of Ashenzari.
  3824 | D:6      | Reached **** piety under Wu Jian
  3825 | D:6      | Reached XP level 8. HP: 78/78 MP: 7/7
  3933 | D:6      | Found a staircase to the Ecumenical Temple.
  4056 | D:6      | Found Cichori's Assorted Antiques.
  4064 | D:6      | Bought a runed cloak for 247 gold pieces
  4197 | D:6      | Reached skill level 7 in Unarmed Combat
  4902 | D:7      | Identified the ring "Pouredi" {Str+6 Dex+4}
  4946 | D:7      | Noticed a hornet
  4951 | D:7      | Killed a hornet
  4952 | D:7      | Reached XP level 9. HP: 87/87 MP: 8/8
  4957 | D:7      | Reached skill level 8 in Unarmed Combat
  4968 | D:7      | Reached skill level 5 in Fighting
  4968 | D:7      | Reached skill level 5 in Dodging
  5047 | D:7      | Found a shadowy altar of Dithmenos.
  5143 | D:7      | Noticed Menkaure
  5157 | D:7      | Killed Menkaure
  5233 | D:7      | Reached skill level 9 in Unarmed Combat
  5321 | D:7      | Identified the +9 mace of a Labyrinth {holy, rN+ Int+4}
  5350 | D:7      | Found Pymywkel's Antique Armour Shop.
  5474 | D:7      | Found a burning altar of Makhleb.
  5479 | D:7      | Found a glowing silver altar of Zin.
  5479 | D:7      | Noticed an angel
  5480 | D:7      | Noticed a balrug
  5682 | D:8      | Noticed Maggie
  5697 | D:8      | Killed Maggie
  5700 | D:8      | Reached XP level 10. HP: 98/98 MP: 9/9
  6147 | D:9      | Reached skill level 10 in Unarmed Combat
  6567 | D:9      | Reached skill level 1 in Evocations
  6625 | D:9      | Noticed a cyan ugly thing
  6625 | D:9      | Noticed a manticore
  6678 | D:9      | Killed a cyan ugly thing
  6756 | D:9      | Killed a manticore
  6791 | D:9      | Reached ***** piety under Wu Jian
  6941 | D:10     | Entered Level 10 of the Dungeon
  7077 | D:10     | Found an iron altar of Okawaru.
  7265 | D:10     | Noticed a two-headed ogre
  7270 | D:10     | Killed a two-headed ogre
  7271 | D:10     | Reached skill level 11 in Unarmed Combat
  7455 | D:10     | Reached skill level 5 in Maces & Flails
  7456 | D:10     | Reached XP level 11. HP: 98/107 MP: 10/10
  7626 | D:10     | Found a shimmering altar of Xom.
  7809 | D:11     | Noticed Lodul
  7827 | D:11     | Noticed Maurice
  7827 | D:11     | Found a staircase to the Orcish Mines.
  7864 | D:11     | Killed Maurice
  8141 | D:6      | Bought a runed cloak for 247 gold pieces
  8144 | D:6      | Bought a scroll labelled BUGITHR DIARUBB for 33 gold pieces
  8144 | D:6      | Bought a scroll labelled IDENGA URHINK for 33 gold pieces
  8144 | D:6      | Bought a scroll labelled CACKAIPUTO for 33 gold pieces
  8344 | D:11     | Noticed a seven-headed hydra
  8350 | D:11     | Killed a seven-headed hydra
  8457 | D:11     | Found the +1 robe of Vines {NoPotionHeal Regen++++}
  8479 | D:11     | Found a staircase to the Lair.
  8508 | D:11     | Noticed Erolcha
  8509 | D:11     | Noticed Erica
  8552 | Orc:1    | Entered Level 1 of the Orcish Mines
  8685 | Orc:1    | Noticed Josephine
  8700 | Orc:1    | Killed Josephine
  8790 | Orc:2    | Entered Level 2 of the Orcish Mines
  8820 | Orc:2    | Noticed an orc knight
  8861 | Orc:2    | Killed an orc knight
  8862 | Orc:2    | Reached skill level 12 in Unarmed Combat
  8959 | Orc:2    | Noticed an orc knight
  8981 | Orc:2    | Noticed an orc sorcerer
  8985 | Orc:2    | Paralysed by an orc sorcerer for 4 turns
  8989 | Orc:2    | Identified a scroll of acquirement
  8989 | Orc:2    | Acquired the ring of Temptation {*Corrode rPois rF+ rN+
                  | Will++ Int-2}
  8994 | Orc:2    | Noticed a sun demon
  9026 | Orc:2    | Found a staircase to the Elven Halls.
  9162 | Orc:2    | Noticed an orc sorcerer
  9170 | Orc:2    | Killed an orc sorcerer
  9403 | Orc:2    | Noticed an orc high priest
  9480 | Orc:2    | Noticed an orc sorcerer
  9493 | Orc:2    | Killed an orc high priest
  9498 | Orc:2    | Killed an orc sorcerer
  9499 | Orc:2    | Reached skill level 5 in Armour
  9534 | Orc:2    | Noticed an orc sorcerer
  9536 | Orc:2    | Noticed a sun demon
  9553 | Orc:2    | Killed an orc sorcerer
  9634 | Orc:2    | Noticed an orc sorcerer
  9638 | Orc:2    | Killed an orc sorcerer
  9667 | Orc:2    | Found Veegreeh's General Store.
  9667 | Orc:2    | Found Joiwiw's Armour Shoppe.
  9669 | Orc:2    | Found Naol's Antique Armour Emporium.
  9682 | Orc:2    | Found Ilocabent's Weapon Emporium.
  9694 | Orc:2    | Bought a slimy cloak for 294 gold pieces
  9694 | Orc:2    | Identified the +0 cloak "Mivoudin" {Str+9 Dex-3} (You
                  | bought it in a shop on level 2 of the Orcish Mines)
  9714 | Orc:2    | Reached XP level 12. HP: 117/119 MP: 11/11
  9771 | Orc:2    | Reached skill level 13 in Unarmed Combat
 10039 | Orc:1    | You fall into a shaft and drop 1 floor!
 10281 | Orc:2    | Reached ****** piety under Wu Jian
 10281 | Orc:2    | HP: 1/119 [orc warrior/+0 battleaxe[an orc knight] (14)]
 10505 | D:11     | Killed Erica
 10512 | Orc:1    | Slain by Erolcha

Illustrated notes

Levels and vault maps discovered:
D:1:      dpeg_arrival_water_altar, layout_basic, serial_shops, shop,
          kennysheep_another_room, chequers_big_river, hangedman_decor_lopped,
          minmay_tetromino_o4
D:2:      layout_rooms, basic_altar, ebering_ecumenical_altar_abandoned,
          kennysheep_generic_room_7
D:3:      layout_loops_ring, serial_bayou, serial_bayou_crossing,
          serial_bayou_shore_a, serial_bayou_lagoon_a, serial_bayou_lake_a,
          hangedman_feature_mirror, grunt_ministairs_1, uniq_robin
D:4:      layout_cave_pods, minmay_lizard_king
D:5:      layout_cave_pools, palyth_temple_overflow_mages,
          evilmike_ruin_ashenzari, mainiacjoe_overflow_surrounded_room
D:6:      wad_crossroads, layout_basic, minmay_temple_entry_statues_pillars,
          serial_shops, nicolae_shop_overgrown_old_shop,
          kennysheep_cluttered_room, dreamdust_princess_corridor, minmay_holes,
          minmay_misc_feat_tower
D:7:      layout_basic, mainiacjoe_overflow_six_doors_small,
          grunt_temple_overflow_order_and_chaos_2, serial_shops,
          kennysheep_little_box, amcnicky_mini_rare_corridor_liquid,
          uniq_menkaure
D:8:      layout_rooms, uniq_maggie
D:9:      layout_irregular_city, kb_rosetta
D:10:     layout_loops_cross, mainiacjoe_overflow_cross_hatched, tgw_xom,
          grunt_ministairs_4, wad_floor_pattern_untrapped
D:11:     layout_roguey, lair_entry_dummy, orc_0_dummy, serial_shops,
          nicolae_lakefront_shop, hellmonk_guarded_unrand_vines, uniq_erolcha,
          uniq_maurice, uniq_lodul, uniq_erica
Orc:1:    layout_caves, uniq_josephine
Orc:2:    st_orc_mages, layout_caves

Skill      XL: |  1  2  3  4  5  6  7  8  9 10 11 12 |
---------------+-------------------------------------+-----
Armour         | 1 2 3 5 |  5.7
Unarmed Combat | 4 5 6 7 9 11 12 13 | 13.3
Fighting       | 3 4 5 6 7 8 |  8.1
Dodging        | 3 4 5 6 |  6.0
Throwing       | 1 2 3 |  3.0
Maces & Flails | 1 2 3 5 6 |  6.0
Evocations     | 2 3 |  3.0
Stealth        | |  1.0

Action                   |  1- 3 |  4- 6 |  7- 9 | 10-12 || total
-------------------------+-------+-------+-------+-------++-------
Melee: Unarmed           |   115 |   200 |   273 |   435 ||  1023
       Punch             |     2 |     5 |     8 |    31 ||    46
       Giant spiked club |       |       |       |     2 ||     2
Throw: Large rock        |       |     1 |     6 |    15 ||    22
       Dart              |       |       |     2 |     2 ||     4
       Throwing net      |       |       |     1 |       ||     1
       Stone             |       |       |       |     8 ||     8
Invok: Lunge             |     3 |    14 |    24 |    29 ||    70
       Whirlwind         |       |     1 |    21 |    15 ||    37
 Abil: Wall Jump         |       |       |       |     2 ||     2
Evoke: Wand              |       |       |       |    10 ||    10
       Box of beasts     |       |       |       |     2 ||     2
  Use: Scroll            |       |     5 |     3 |    20 ||    28
       Potion            |       |     2 |     1 |     3 ||     6
 Stab: Sleeping          |     3 |     1 |     3 |       ||     7
Armor: Robe              |    60 |    51 |    53 |     7 ||   171
       Swamp dragon scal |       |       |       |   140 ||   140
Dodge: Dodged            |    73 |   109 |   142 |   216 ||   540

Table legend: (Time is in decaauts)
 A = Elapsed time spent in this place.
 B = Non-inter-level travel time spent in this place.
 C = Inter-level travel time spent in this place.
 D = Time resting spent in this place.
 E = Time spent auto-exploring this place.
 F = Levels seen in this place.
 G = Mean time per level.
                   A        B        C        D        E       F      G
               +--------+--------+--------+--------+--------+-----+--------+
         Total |  10518 |   9980 |    538 |    973 |   6713 |  13 |  809.1 |
       Dungeon |   8602 |   8143 |    459 |    514 |   5930 |  11 |  782.0 |
  Orcish Mines |   1915 |   1836 |     79 |    458 |    783 |   2 |  957.5 |
               +--------+--------+--------+--------+--------+-----+--------+

Top non-repeatable levels by time:
   Orc:2: 1435 daAuts
     D:6: 1264 daAuts
    D:10: 989 daAuts
     D:9: 890 daAuts
     D:4: 827 daAuts
     D:1: 799 daAuts
     D:5: 779 daAuts
     D:3: 772 daAuts
     D:7: 764 daAuts
     D:2: 525 daAuts
     D:8: 522 daAuts
   Orc:1: 480 daAuts
    D:11: 468 daAuts
